Workbook
Name Fonte: #REF!
Name nao: #REF!

Sheet ORÇAMENTO
A2: PLANILHA ORÇAMENTÁRIA
A3: OBRA: CONSTUÇÃO DE COBERTURA DE QUADRA POLIESPORTIVA DA ESCOLA SÃO JOSÉ | H3: DATA: 15/05/2026
A4: LOCAL: ESTRADA VICINAL - ZONA RURAL, OURO FINO - MG | F4: FORMA DE EXECUÇÃO:
A5: REGIÃO/MÊS DE REF.: SETOP SUL 01-2026 SEM DESONERAÇÃO / SINAPI 03-2026 NÃO DESONERADO | F5: ( ) | G5: DIRETA | H5: ( x ) | I5: INDIRETA
A6: PRAZO DE EXECUÇÃO: 03 MESES | H6: BDI | I6: 0.2354
A7: VALOR ESTIMADO DA OBRA: | D7: =I123 -> 510535.16
A9: ITEM | B9: FONTE | C9: CÓDIGO | D9: DESCRIÇÃO | E9: UND. | F9: QUANT. | G9: PREÇO UNITÁRIO S/ BDI | H9: PREÇO UNITÁRIO C/ BDI | I9: PREÇO TOTAL
A10: 1.0 | B10: SERVIÇOS PRELIMINARES
A11: 1.1 | B11: SETOP | C11: ED-16660 | D11: FORNECIMENTO E COLOCAÇÃO DE PLACA DE OBRA EM CHAPA GALVANIZADA #26, ESP. 0,45 MM, PLOTADA COM ADESIVO VINÍLICO, AFIXADA COM REBITES 4,8X40 MM, EM ESTRUTURA METÁLICA DE METALON 20X20 MM, ESP. 1,25 MM, INCLUSIVE SUPORTE EM EUCALIPTO AUTOCLAVADO PINTADO COM TINTA PVA DUAS (2) DEMÃOS | E11: M2 | F11: ='MEMORIAL QUANTITATIVO'!M16 -> 4.5 | G11: 268.16 | H11: =G11*(1+$I$6) -> 331.28486 | I11: =H11*F11 -> 1490.7819
A12: 1.2 | B12: SINAPI | C12: 98459 | D12: TAPUME COM TELHA METÁLICA. AF_03/2024 | E12: M2 | F12: ='MEMORIAL QUANTITATIVO'!M23 -> 118.923 | G12: 99.7 | H12: =G12*(1+$I$6) -> 123.16938 | I12: =H12*F12 -> 14647.672
A13: 1.3 | B13: SETOP | C13: ED-50162 | D13: PORTÃO PARA TAPUME FIXO DE PROTEÇÃO COM FECHAMENTO DE OBRA EM CHAPA DE COMPENSADO, ESP. 12MM, COM MÓDULO NA DIMENSÃO DE (110X220)CM, INCLUSIVE FERRAGENS E PINTURA LÁTEX (PVA) COM DUAS (2) DEMÃOS | E13: M2 | F13: ='MEMORIAL QUANTITATIVO'!M30 -> 4.2 | G13: 172.04 | H13: =G13*(1+$I$6) -> 212.53822 | I13: =H13*F13 -> 892.66051
A14: 1.4 | B14: SETOP | C14: ED-17989 | D14: LOCAÇÃO DE OBRA COM GABARITO DE TÁBUAS CORRIDAS PONTALETADAS A CADA 2,00M, REAPROVEITAMENTO (2X), INCLUSIVE ACOMPANHAMENTO DE EQUIPE TOPOGRÁFICA PARA MARCAÇÃO DE PONTO TOPOGRÁFICO | E14: M | F14: ='MEMORIAL QUANTITATIVO'!M37 -> 82.945 | G14: 64.33 | H14: =G14*(1+$I$6) -> 79.473282 | I14: =H14*F14 -> 6591.9114
A15: TOTAL ITEM | E15: =A10 -> 1.0 | F15: = | G15: =ROUND(SUM(I11:I14),2) -> 23623.03
A16: 2.0 | B16: MOVIMENTAÇÃO DE TERRA
A17: 2.1 | B17: SINAPI | C17: 93358 | D17: ESCAVAÇÃO MANUAL DE VALA. AF_09/2024 | E17: M3 | F17: ='MEMORIAL QUANTITATIVO'!M55 -> 28.55857 | G17: 123.22 | H17: =G17*(1+$I$6) -> 152.22599 | I17: =H17*F17 -> 4347.3565
A18: 2.2 | B18: SINAPI | C18: 104737 | D18: REATERRO MANUAL DE VALAS, COM PLACA VIBRATÓRIA. AF_08/2023 | E18: M3 | F18: ='MEMORIAL QUANTITATIVO'!M65 -> 11.04357 | G18: 30.51 | H18: =G18*(1+$I$6) -> 37.692054 | I18: =H18*F18 -> 416.25484
A19: 2.3 | B19: SETOP | C19: ED-29231 | D19: TRANSPORTE DE MATERIAL DE QUALQUER NATUREZA EM CAMINHÃO, DISTÂNCIA MAIOR QUE 2KM E MENOR OU IGUAL A 5KM, DENTRO DO PERÍMETRO URBANO, EXCLUSIVE CARGA, INCLUSIVE DESCARGA | E19: M3xKM | F19: ='MEMORIAL QUANTITATIVO'!M75 -> 528.215 | G19: 2.63 | H19: =G19*(1+$I$6) -> 3.249102 | I19: =H19*F19 -> 1716.2244
A20: 2.4 | B20: SETOP | C20: ED-51132 | D20: CARGA MECÂNICA DE MATERIAL DE QUALQUER NATUREZA SOBRE CAMINHÃO, EXCLUSIVE TRANSPORTE | E20: M3 | F20: ='MEMORIAL QUANTITATIVO'!M85 -> 52.8215 | G20: 3.43 | H20: =G20*(1+$I$6) -> 4.237422 | I20: =H20*F20 -> 223.82699
A21: TOTAL ITEM | E21: =A16 -> 2.0 | F21: = | G21: =ROUND(SUM(I17:I20),2) -> 6703.66
A22: 3.0 | B22: ESTRUTURA
A23: 3.1 | C23: ESTACA
A24: 3.1.1 | B24: SETOP | C24: ED-29817 | D24: MOBILIZAÇÃO E DESMOBILIZAÇÃO DE EQUIPAMENTO PARA ESTACA TIPO TRADO ROTATIVO (CUSTO FIXO), INCLUSIVE CARGA E DESCARGA, EXCLUSIVE TRANSPORTE EM QUILÔMETRO RODADO (CUSTO VARIÁVEL) | E24: UN | F24: ='MEMORIAL QUANTITATIVO'!M94 -> 1 | G24: 3471.72 | H24: =G24*(1+$I$6) -> 4288.9629 | I24: =H24*F24 -> 4288.9629
A25: 3.1.2 | B25: SETOP | C25: ED-29818 | D25: MOBILIZAÇÃO E DESMOBILIZAÇÃO DE EQUIPAMENTO PARA ESTACA TIPO TRADO ROTATIVO (CUSTO VARIÁVEL), EXCLUSIVE CUSTO FIXO DE TRANSPORTE | E25: KM | F25: ='MEMORIAL QUANTITATIVO'!M101 -> 10 | G25: 19.57 | H25: =G25*(1+$I$6) -> 24.176778 | I25: =H25*F25 -> 241.76778
A26: 3.1.3 | B26: SETOP | C26: ED-29802 | D26: PERFURAÇÃO MECÂNICA DE ESTACA TIPO TRADO ROTATIVO, INCLUSIVE AFASTAMENTO LATERAL, EXCLUSIVE ARMAÇÃO, CONCRETO ESTRUTURAL, TRANSPORTE E RETIRADA DO MATERIAL ESCAVADO | E26: M3 | F26: ='MEMORIAL QUANTITATIVO'!M108 -> 7.065 | G26: 83.04 | H26: =G26*(1+$I$6) -> 102.58762 | I26: =H26*F26 -> 724.78151
A27: 3.1.4 | B27: SETOP | C27: ED-48298 | D27: CORTE, DOBRA E MONTAGEM DE AÇO CA-50/60 | E27: KG | F27: ='MEMORIAL QUANTITATIVO'!M115 -> 730.04 | G27: 14 | H27: =G27*(1+$I$6) -> 17.2956 | I27: =H27*F27 -> 12626.48
A28: 3.1.5 | B28: SETOP | C28: ED-49639 | D28: FORNECIMENTO DE CONCRETO ESTRUTURAL, USINADO BOMBEADO, COM FCK 30MPA, INCLUSIVE LANÇAMENTO, ADENSAMENTO E ACABAMENTO | E28: M3 | F28: ='MEMORIAL QUANTITATIVO'!M122 -> 7.065 | G28: 721.31 | H28: =G28*(1+$I$6) -> 891.10637 | I28: =H28*F28 -> 6295.6665
A29: 3.1.6 | B29: SINAPI | C29: 101174 | D29: ESTACA BROCA DE CONCRETO, DIÂMETRO DE 25CM, ESCAVAÇÃO MANUAL COM TRADO CONCHA, COM ARMADURA DE ARRANQUE. AF_05/2020 | E29: M | F29: ='MEMORIAL QUANTITATIVO'!M129 -> 32 | G29: 96.6 | H29: =G29*(1+$I$6) -> 119.33964 | I29: =H29*F29 -> 3818.8685
A30: TOTAL ITEM | E30: =A23 -> 3.1 | F30: = | G30: =ROUND(SUM(I24:I29),2) -> 27996.53
A31: 3.2 | C31: BLOCO DE COROAMENTO
A32: 3.2.1 | B32: SETOP | C32: ED-49639 | D32: FORNECIMENTO DE CONCRETO ESTRUTURAL, USINADO BOMBEADO, COM FCK 30MPA, INCLUSIVE LANÇAMENTO, ADENSAMENTO E ACABAMENTO | E32: M3 | F32: ='MEMORIAL QUANTITATIVO'!M138 -> 3.89 | G32: 721.31 | H32: =G32*(1+$I$6) -> 891.10637 | I32: =H32*F32 -> 3466.4038
A33: 3.2.2 | B33: SINAPI | C33: 96534 | D33: FABRICAÇÃO, MONTAGEM E DESMONTAGEM DE FÔRMA PARA BLOCO DE COROAMENTO, EM MADEIRA SERRADA, E=25 MM, 4 UTILIZAÇÕES. AF_01/2024 | E33: M2 | F33: ='MEMORIAL QUANTITATIVO'!M145 -> 20.41 | G33: 93.21 | H33: =G33*(1+$I$6) -> 115.15163 | I33: =H33*F33 -> 2350.2448
A34: 3.2.3 | B34: SETOP | C34: 104918 | D34: ARMAÇÃO DE SAPATA ISOLADA, VIGA BALDRAME E SAPATA CORRIDA UTILIZANDO AÇO CA-50 DE 8 MM - MONTAGEM. AF_01/2024 | E34: KG | F34: ='MEMORIAL QUANTITATIVO'!M152 -> 35.2 | G34: 13.63 | H34: =G34*(1+$I$6) -> 16.838502 | I34: =H34*F34 -> 592.71527
A35: 3.2.4 | B35: SETOP | C35: 104916 | D35: ARMAÇÃO DE SAPATA ISOLADA, VIGA BALDRAME E SAPATA CORRIDA UTILIZANDO AÇO CA-60 DE 5 MM - MONTAGEM. AF_01/2024 | E35: KG | F35: ='MEMORIAL QUANTITATIVO'!M159 -> 64 | G35: 17.5 | H35: =G35*(1+$I$6) -> 21.6195 | I35: =H35*F35 -> 1383.648
A36: 3.2.5 | B36: SETOP | C36: ED-51094 | D36: APILOAMENTO DO FUNDO DE VALAS COM PLACA | E36: M2 | F36: ='MEMORIAL QUANTITATIVO'!M166 -> 16.9128 | G36: 15.96 | H36: =G36*(1+$I$6) -> 19.716984 | I36: =H36*F36 -> 333.46941
A37: 3.2.6 | B37: SETOP | C37: ED-49812 | D37: LASTRO DE CONCRETO MAGRO, INCLUSIVE TRANSPORTE, LANÇAMENTO E ADENSAMENTO | E37: M3 | F37: ='MEMORIAL QUANTITATIVO'!M173 -> 0.45144 | G37: 639.16 | H37: =G37*(1+$I$6) -> 789.61826 | I37: =H37*F37 -> 356.46527
A38: TOTAL ITEM | E38: =A31 -> 3.2 | F38: = | G38: =ROUND(SUM(I32:I37),2) -> 8482.95
A39: 3.3 | C39: VIGA BALDRAME
A40: 3.3.1 | B40: SETOP | C40: ED-49638 | D40: FORNECIMENTO DE CONCRETO ESTRUTURAL, USINADO BOMBEADO, COM FCK 25MPA, INCLUSIVE LANÇAMENTO, ADENSAMENTO E ACABAMENTO | E40: M3 | F40: ='MEMORIAL QUANTITATIVO'!M182 -> 4.99 | G40: 701.44 | H40: =G40*(1+$I$6) -> 866.55898 | I40: =H40*F40 -> 4324.1293
A41: 3.3.2 | B41: SINAPI | C41: 96542 | D41: FABRICAÇÃO, MONTAGEM E DESMONTAGEM DE FÔRMA PARA VIGA BALDRAME, EM CHAPA DE MADEIRA COMPENSADA RESINADA, E=17 MM, 4 UTILIZAÇÕES. AF_01/2024 | E41: M2 | F41: ='MEMORIAL QUANTITATIVO'!M189 -> 66.47 | G41: 113.36 | H41: =G41*(1+$I$6) -> 140.04494 | I41: =H41*F41 -> 9308.7874
A42: 3.3.3 | B42: SINAPI | C42: 104917 | D42: ARMAÇÃO DE SAPATA ISOLADA, VIGA BALDRAME E SAPATA CORRIDA UTILIZANDO AÇO CA-50 DE 6,3 MM - MONTAGEM. AF_01/2024 | E42: KG | F42: ='MEMORIAL QUANTITATIVO'!M196 -> 126.2 | G42: 15.37 | H42: =G42*(1+$I$6) -> 18.988098 | I42: =H42*F42 -> 2396.298
A43: 3.3.4 | B43: SINAPI | C43: 104916 | D43: ARMAÇÃO DE SAPATA ISOLADA, VIGA BALDRAME E SAPATA CORRIDA UTILIZANDO AÇO CA-60 DE 5 MM - MONTAGEM. AF_01/2024 | E43: KG | F43: ='MEMORIAL QUANTITATIVO'!M203 -> 73.8 | G43: 17.5 | H43: =G43*(1+$I$6) -> 21.6195 | I43: =H43*F43 -> 1595.5191
A44: 3.3.5 | B44: SETOP | C44: ED-51094 | D44: APILOAMENTO DO FUNDO DE VALAS COM PLACA | E44: M2 | F44: ='MEMORIAL QUANTITATIVO'!M210 -> 16.41708 | G44: 15.96 | H44: =G44*(1+$I$6) -> 19.716984 | I44: =H44*F44 -> 323.6953
A45: 3.3.6 | B45: SINAPI | C45: 96622 | D45: LASTRO COM MATERIAL GRANULAR, APLICADO EM PISOS OU LAJES SOBRE SOLO, ESPESSURA DE *5 CM*. AF_01/2024 | E45: M3 | F45: ='MEMORIAL QUANTITATIVO'!M217 -> 0.820854 | G45: 201.73 | H45: =G45*(1+$I$6) -> 249.21724 | I45: =H45*F45 -> 204.57097
A46: TOTAL ITEM | E46: =A39 -> 3.3 | F46: = | G46: =ROUND(SUM(I40:I45),2) -> 18153
A47: 3.4 | C47: PILARETES
A48: 3.4.1 | B48: SINAPI | C48: 103672 | D48: CONCRETAGEM DE PILARES, FCK = 25 MPA, COM USO DE BOMBA - LANÇAMENTO, ADENSAMENTO E ACABAMENTO. AF_02/2022_PS | E48: M3 | F48: ='MEMORIAL QUANTITATIVO'!M226 -> 0.8 | G48: 599.93 | H48: =G48*(1+$I$6) -> 741.15352 | I48: =H48*F48 -> 592.92282
A49: 3.4.2 | B49: SINAPI | C49: 92427 | D49: MONTAGEM E DESMONTAGEM DE FÔRMA DE PILARES RETANGULARES E ESTRUTURAS SIMILARES, PÉ-DIREITO SIMPLES, EM CHAPA DE MADEIRA COMPENSADA RESINADA, 8 UTILIZAÇÕES. AF_09/2020 | E49: M2 | F49: ='MEMORIAL QUANTITATIVO'!M233 -> 16 | G49: 74.9 | H49: =G49*(1+$I$6) -> 92.53146 | I49: =H49*F49 -> 1480.5034
A50: 3.4.3 | B50: SINAPI | C50: 92273 | D50: FABRICAÇÃO DE ESCORAS DO TIPO PONTALETE, EM MADEIRA, PARA PÉ-DIREITO SIMPLES. AF_09/2020 | E50: M | F50: ='MEMORIAL QUANTITATIVO'!M240 -> 40 | G50: 16.39 | H50: =G50*(1+$I$6) -> 20.248206 | I50: =H50*F50 -> 809.92824
A51: 3.4.4 | B51: SINAPI | C51: 92762 | D51: ARMAÇÃO DE PILAR OU VIGA DE ESTRUTURA CONVENCIONAL DE CONCRETO ARMADO UTILIZANDO AÇO CA-50 DE 10,0 MM - MONTAGEM. AF_06/2022 | E51: KG | F51: ='MEMORIAL QUANTITATIVO'!M247 -> 51 | G51: 9.58 | H51: =G51*(1+$I$6) -> 11.835132 | I51: =H51*F51 -> 603.59173
A52: 3.4.5 | B52: SINAPI | C52: 92759 | D52: ARMAÇÃO DE PILAR OU VIGA DE ESTRUTURA CONVENCIONAL DE CONCRETO ARMADO UTILIZANDO AÇO CA-60 DE 5,0 MM - MONTAGEM. AF_06/2022 | E52: KG | F52: ='MEMORIAL QUANTITATIVO'!M254 -> 24.4 | G52: 13.91 | H52: =G52*(1+$I$6) -> 17.184414 | I52: =H52*F52 -> 419.2997
A53: TOTAL ITEM | E53: =A47 -> 3.4 | F53: = | G53: =ROUND(SUM(I48:I52),2) -> 3906.25
A54: TOTAL ITEM | E54: =A22 -> 3.0 | F54: = | G54: =ROUND(SUM(G53+G46+G38+G30),2) -> 58538.73
A55: 4.0 | B55: PISOS
A56: 4.1 | B56: SETOP | C56: ED-9320 | D56: PISO EM CONCRETO USINADO CONVENCIONAL COM DE FCK 15MPA, COM TELA SOLDADA NERVURADA TIPO Q-138, ACABAMENTO POLÍDO EM NÍVEL ZERO, ESP. 10CM, INCLUSIVE FORNECIMENTO, LANÇAMENTO, ADENSAMENTO, EXCLUSIVE JUNTA DE DILATAÇÃO | E56: M2 | F56: ='MEMORIAL QUANTITATIVO'!M263 -> 353.065 | G56: 145.55 | H56: =G56*(1+$I$6) -> 179.81247 | I56: =H56*F56 -> 63485.49
A57: 4.2 | B57: SINAPI | C57: 100576 | D57: REGULARIZAÇÃO E COMPACTAÇÃO DE SUBLEITO DE SOLO PREDOMINANTEMENTE ARGILOSO, PARA OBRAS DE CONSTRUÇÃO DE PAVIMENTOS. AF_09/2024 | E57: M2 | F57: ='MEMORIAL QUANTITATIVO'!M270 -> 353.065 | G57: 3.19 | H57: =G57*(1+$I$6) -> 3.940926 | I57: =H57*F57 -> 1391.403
A58: 4.3 | B58: SINAPI | C58: 97083 | D58: COMPACTAÇÃO MECÂNICA DE SOLO PARA EXECUÇÃO DE RADIER, PISO DE CONCRETO OU LAJE SOBRE SOLO, COM COMPACTADOR DE SOLOS A PERCUSSÃO. AF_09/2021 | E58: M2 | F58: ='MEMORIAL QUANTITATIVO'!M277 -> 353.065 | G58: 4.58 | H58: =G58*(1+$I$6) -> 5.658132 | I58: =H58*F58 -> 1997.6884
A59: 4.4 | B59: SINAPI | C59: 100324 | D59: LASTRO COM MATERIAL GRANULAR (PEDRA BRITADA N.1 E PEDRA BRITADA N.2), APLICADO EM PISOS OU LAJES SOBRE SOLO, ESPESSURA DE *10 CM*. AF_01/2024 | E59: M3 | F59: ='MEMORIAL QUANTITATIVO'!M284 -> 17.65325 | G59: 169.52 | H59: =G59*(1+$I$6) -> 209.42501 | I59: =H59*F59 -> 3697.032
A60: 4.5 | B60: SINAPI | C60: 97087 | D60: CAMADA SEPARADORA PARA EXECUÇÃO DE RADIER, PISO DE CONCRETO OU LAJE SOBRE SOLO, EM LONA PLÁSTICA. AF_09/2021 | E60: M2 | F60: ='MEMORIAL QUANTITATIVO'!M291 -> 353.065 | G60: 3.02 | H60: =G60*(1+$I$6) -> 3.730908 | I60: =H60*F60 -> 1317.253
A61: 4.6 | B61: SICOR | C61: ED-29581 | D61: ARMADURA DE TELA DE AÇO CA-60, SOLDADA TIPO Q-92, DIÂMETRO Ø4,2MM, TRAMA COM DIMENSÃO (150X150)MM, INCLUSIVE ESPAÇADOR, EXCLUSIVE CONCRETO | E61: M2 | F61: ='MEMORIAL QUANTITATIVO'!M298 -> 353.065 | G61: 19.91 | H61: =G61*(1+$I$6) -> 24.596814 | I61: =H61*F61 -> 8684.2741
A62: 4.7 | B62: SINAPI | C62: 97097 | D62: ACABAMENTO POLIDO PARA PISO DE CONCRETO ARMADO OU LAJE SOBRE SOLO DE ALTA RESISTÊNCIA. AF_09/2021 | E62: M2 | F62: ='MEMORIAL QUANTITATIVO'!M305 -> 353.065 | G62: 38.18 | H62: =G62*(1+$I$6) -> 47.167572 | I62: =H62*F62 -> 16653.219
A63: 4.8 | B63: SINAPI | C63: 91282 | D63: CORTADORA DE PISO COM MOTOR 4 TEMPOS A GASOLINA, POTÊNCIA DE 13 HP, COM DISCO DE CORTE DIAMANTADO SEGMENTADO PARA CONCRETO, DIÂMETRO DE 350 MM, FURO DE 1" (14 X 1") - MATERIAIS NA OPERAÇÃO. AF_08/2015 | E63: H | F63: ='MEMORIAL QUANTITATIVO'!M312 -> 5 | G63: 9.48 | H63: =G63*(1+$I$6) -> 11.711592 | I63: =H63*F63 -> 58.55796
A64: TOTAL ITEM | E64: =A55 -> 4.0 | F64: = | G64: =ROUND(SUM(I56:I63),2) -> 97284.92
A65: 5.0 | B65: ALVENARIA
A66: 5.1 | B66: SINAPI | C66: 103365 | D66: ALVENARIA DE VEDAÇÃO DE BLOCOS CERÂMICOS FURADOS NA HORIZONTAL DE 9X19X39 CM (ESPESSURA 9 CM) E ARGAMASSA DE ASSENTAMENTO COM PREPARO MANUAL. AF_12/2021 | E66: M2 | F66: ='MEMORIAL QUANTITATIVO'!M321 -> 404.1077 | G66: 58.12 | H66: =G66*(1+$I$6) -> 71.801448 | I66: =H66*F66 -> 29015.518
A67: TOTAL ITEM | E67: =A65 -> 5.0 | F67: = | G67: =ROUND(SUM(I66:I66),2) -> 29015.52
A68: 6.0 | B68: COBERTURA
A69: 6.1 | B69: =COMPOSIÇÃO!A9 -> COMPOSIÇÃO | C69: =COMPOSIÇÃO!B9 -> 104314/1 | D69: =COMPOSIÇÃO!C9 -> ESTRUTURA TRELIÇADA DE COBERTURA EM ARCO, COM LIGAÇÕES SOLDADAS, INCLUSOS PERFIS METÁLICOS, CHAPAS METÁLICAS, MÃO DE OBRA E TRANSPORTE COM GUINDASTE - FORNECIMENTO E INSTALAÇÃO. (TESOURAS) | E69: =COMPOSIÇÃO!F9 -> KG | F69: ='MEMORIAL QUANTITATIVO'!M330 -> 1669.371 | G69: =COMPOSIÇÃO!H23 -> 13.56 | H69: =G69*(1+$I$6) -> 16.752024 | I69: =H69*F69 -> 27965.343
A70: 6.2 | B70: =COMPOSIÇÃO!A25 -> COMPOSIÇÃO | C70: =COMPOSIÇÃO!B25 -> 104314/2 | D70: =COMPOSIÇÃO!C25 -> ESTRUTURA TRELIÇADA DE PILARES COM LIGAÇÕES SOLDADAS, INCLUSOS PERFIS METÁLICOS, CHAPAS METÁLICAS, MÃO DE OBRA E TRANSPORTE COM GUINDASTE - FORNECIMENTO E INSTALAÇÃO. (PILARES) | E70: =COMPOSIÇÃO!F25 -> KG | F70: ='MEMORIAL QUANTITATIVO'!M337 -> 2929.542 | G70: =COMPOSIÇÃO!H39 -> 13.09 | H70: =G70*(1+$I$6) -> 16.171386 | I70: =H70*F70 -> 47374.754
A71: 6.3 | B71: SINAPI | C71: 104314 | D71: TRAMA DE AÇO COMPOSTA POR TERÇAS PARA TELHADOS DE ATÉ 2 ÁGUAS PARA TELHA ONDULADA DE FIBROCIMENTO, METÁLICA, PLÁSTICA OU TERMOACÚSTICA, INCLUSO TRANSPORTE VERTICAL (EM KG). AF_07/2019 | E71: KG | F71: ='MEMORIAL QUANTITATIVO'!M344 -> 2258.036 | G71: 12.07 | H71: =G71*(1+$I$6) -> 14.911278 | I71: =H71*F71 -> 33670.203
A72: 6.4 | B72: SINAPI | C72: 94213 | D72: TELHAMENTO COM TELHA DE AÇO/ALUMÍNIO E = 0,5 MM, COM ATÉ 2 ÁGUAS, INCLUSO IÇAMENTO. AF_07/2019 | E72: M2 | F72: ='MEMORIAL QUANTITATIVO'!M351 -> 355 | G72: 75.28 | H72: =G72*(1+$I$6) -> 93.000912 | I72: =H72*F72 -> 33015.324
A73: 6.5 | B73: COMPOSIÇÃO | C73: 10957/1 | D73: CHAPA DE ACO GROSSA, ASTM A36, E = 3/4 " (19,05 MM) 149,39 KG/M2 | E73: KG | F73: ='MEMORIAL QUANTITATIVO'!M358 -> 414.106 | G73: =COMPOSIÇÃO!H48 -> 16.36 | H73: =G73*(1+$I$6) -> 20.211144 | I73: =H73*F73 -> 8369.556
A74: 6.6 | B74: SETOP | C74: ED-50656 | D74: CALHA EM CHAPA GALVANIZADA, ESP. 0,65MM (GSG-24), COM DESENVOLVIMENTO DE 50CM, INCLUSIVE IÇAMENTO MANUAL VERTICAL | E74: M | F74: ='MEMORIAL QUANTITATIVO'!M365 -> 60 | G74: 61.93 | H74: =G74*(1+$I$6) -> 76.508322 | I74: =H74*F74 -> 4590.4993
A75: 6.7 | B75: SETOP | C75: ED-50677 | D75: RUFO E CONTRARRUFO EM CHAPA GALVANIZADA, ESP. 0,65MM (GSG-24), COM DESENVOLVIMENTO DE 25CM, INCLUSIVE IÇAMENTO MANUAL VERTICAL | E75: M | F75: ='MEMORIAL QUANTITATIVO'!M372 -> 60 | G75: 41.06 | H75: =G75*(1+$I$6) -> 50.725524 | I75: =H75*F75 -> 3043.5314
A76: 6.8 | B76: COMPOSIÇÃO | C76: 11033/1 | D76: SUPORTE PARA CALHA DE 150 MM EM FERRO GALVANIZADO | E76: UN | F76: ='MEMORIAL QUANTITATIVO'!M379 -> 40 | G76: =COMPOSIÇÃO!H57 -> 12.9599 | H76: =G76*(1+$I$6) -> 16.01066 | I76: =H76*F76 -> 640.42642
A77: 6.9 | B77: SETOP | C77: ED-48402 | D77: COLOCAÇÃO DE CUMEEIRA GALVANIZADA TRAPEZOIDAL E = 0,50 MM, SIMPLES | E77: M | F77: ='MEMORIAL QUANTITATIVO'!M386 -> 30 | G77: 80.11 | H77: =G77*(1+$I$6) -> 98.967894 | I77: =H77*F77 -> 2969.0368
A78: 6.10 | B78: COMPOSIÇÃO | C78: 11975/1 | D78: CHUMBADOR DE ACO, DIAMETRO 5/8", COMPRIMENTO 6", COM PORCA | E78: UN | F78: ='MEMORIAL QUANTITATIVO'!M393 -> 120 | G78: =COMPOSIÇÃO!H66 -> 26 | H78: =G78*(1+$I$6) -> 32.1204 | I78: =H78*F78 -> 3854.448
A79: TOTAL ITEM | E79: =A68 -> 6.0 | F79: = | G79: =ROUND(SUM(I69:I78),2) -> 165493.12
A80: 7.0 | B80: REVESTIMENTOS
A81: 7.1 | B81: SETOP | C81: ED-50729 | D81: CHAPISCO COM ARGAMASSA, TRAÇO 1:3 (CIMENTO E AREIA), ESP. 5MM, APLICADO EM ALVENARIA COM PENEIRA, PREPARO MECÂNICO | E81: M2 | F81: ='MEMORIAL QUANTITATIVO'!M402 -> 82.0854 | G81: 15.58 | H81: =G81*(1+$I$6) -> 19.247532 | I81: =H81*F81 -> 1579.9414
A82: 7.2 | B82: SETOP | C82: ED-50759 | D82: REBOCO COM ARGAMASSA, TRAÇO 1:7 (CIMENTO E AREIA), ESP. 20MM, APLICAÇÃO MANUAL, PREPARO MECÂNICO | E82: M2 | F82: ='MEMORIAL QUANTITATIVO'!M409 -> 82.0854 | G82: 38.09 | H82: =G82*(1+$I$6) -> 47.056386 | I82: =H82*F82 -> 3862.6423
A83: 7.3 | B83: SETOP | C83: ED-50732 | D83: EMBOÇO COM ARGAMASSA, TRAÇO 1:6 (CIMENTO E AREIA), ESP. 20MM, APLICAÇÃO MANUAL, INCLUSIVE ARGAMASSA COM PREPARO MECANIZADO, EXCLUSIVE CHAPISCO | E83: M2 | F83: ='MEMORIAL QUANTITATIVO'!M416 -> 82.0854 | G83: 40.41 | H83: =G83*(1+$I$6) -> 49.922514 | I83: =H83*F83 -> 4097.9095
A84: TOTAL ITEM | E84: =A80 -> 7.0 | F84: = | G84: =ROUND(SUM(I81:I83),2) -> 9540.49
A85: 8.0 | B85: PINTURA
A86: 8.1 | C86: PAREDES
A87: 8.1.1 | B87: SINAPI | C87: 104641 | D87: PINTURA LÁTEX ACRÍLICA ECONÔMICA, APLICAÇÃO MANUAL EM PAREDES, DUAS DEMÃOS. AF_04/2023 | E87: M2 | F87: ='MEMORIAL QUANTITATIVO'!M427 -> 82.0854 | G87: 11.58 | H87: =G87*(1+$I$6) -> 14.305932 | I87: =H87*F87 -> 1174.3082
A88: 8.1.2 | B88: SINAPI | C88: 88497 | D88: EMASSAMENTO COM MASSA LÁTEX, APLICAÇÃO EM PAREDE, DUAS DEMÃOS, LIXAMENTO MANUAL. AF_04/2023 | E88: M2 | F88: ='MEMORIAL QUANTITATIVO'!M434 -> 82.0854 | G88: 22.7 | H88: =G88*(1+$I$6) -> 28.04358 | I88: =H88*F88 -> 2301.9685
A89: 8.1.3 | B89: SINAPI | C89: 88485 | D89: FUNDO SELADOR ACRÍLICO, APLICAÇÃO MANUAL EM PAREDE, UMA DEMÃO. AF_04/2023 | E89: M2 | F89: ='MEMORIAL QUANTITATIVO'!M441 -> 82.0854 | G89: 5.26 | H89: =G89*(1+$I$6) -> 6.498204 | I89: =H89*F89 -> 533.40767
A90: TOTAL ITEM | E90: =A86 -> 8.1 | F90: = | G90: =ROUND(SUM(I87:I89),2) -> 4009.68
A91: 8.2 | C91: PISOS
A92: 8.2.1 | B92: SETOP | C92: ED-50461 | D92: PINTURA ACRÍLICA PARA PISO EM QUADRAS ESPORTIVA, DUAS (2) DEMÃOS, COM APLICAÇÃO MANUAL | E92: M2 | F92: ='MEMORIAL QUANTITATIVO'!M450 -> 353.065 | G92: 14.11 | H92: =G92*(1+$I$6) -> 17.431494 | I92: =H92*F92 -> 6154.4504
A93: 8.2.2 | B93: SINAPI | C93: 102504 | D93: PINTURA DE DEMARCAÇÃO DE QUADRA POLIESPORTIVA COM TINTA ACRÍLICA, E = 5 CM, APLICAÇÃO MANUAL. AF_05/2021 | E93: M | F93: ='MEMORIAL QUANTITATIVO'!M457 -> 165.30656 | G93: 13.1 | H93: =G93*(1+$I$6) -> 16.18374 | I93: =H93*F93 -> 2675.2784
A94: TOTAL ITEM | E94: =A91 -> 8.2 | F94: = | G94: =ROUND(SUM(I92:I93),2) -> 8829.73
A95: 8.3 | C95: METAIS
A96: 8.3.1 | B96: SINAPI | C96: 100720 | D96: PINTURA COM TINTA ALQUÍDICA DE FUNDO (TIPO ZARCÃO) APLICADA A ROLO OU PINCEL SOBRE PERFIL METÁLICO EXECUTADO EM FÁBRICA (POR DEMÃO). AF_01/2020 | E96: M2 | F96: ='MEMORIAL QUANTITATIVO'!M484 -> 1003.7612 | G96: 13.63 | H96: =G96*(1+$I$6) -> 16.838502 | I96: =H96*F96 -> 16901.835
A97: 8.3.2 | B97: SINAPI | C97: 100747 | D97: PINTURA COM TINTA ALQUÍDICA DE ACABAMENTO (ESMALTE SINTÉTICO FOSCO) PULVERIZADA SOBRE PERFIL METÁLICO EXECUTADO EM FÁBRICA (POR DEMÃO). AF_01/2020_PE | E97: M2 | F97: ='MEMORIAL QUANTITATIVO'!M509 -> 1003.7612 | G97: 12.92 | H97: =G97*(1+$I$6) -> 15.961368 | I97: =H97*F97 -> 16021.402
A98: TOTAL ITEM | E98: =A95 -> 8.3 | F98: = | G98: =ROUND(SUM(I96:I97),2) -> 32923.24
A99: TOTAL ITEM | E99: =A85 -> 8.0 | F99: = | G99: =ROUND(SUM(G98+G94+G90),2) -> 45762.65
A100: 9.0 | B100: INSTALAÇÕES ELETRICAS
A101: 9.1 | B101: SETOP | C101: ED-48989 | D101: CABO DE COBRE FLEXÍVEL, CLASSE 5, ISOLAMENTO TIPO EPR/HEPR, NÃO HALOGENADO, ANTICHAMA, TERMOFIXO, UNIPOLAR, SEÇÃO 2,5 MM2, 90°C, 0,6/1KV | E101: M | F101: 161.59 | G101: 5.49 | H101: =G101*(1+$I$6) -> 6.782346 | I101: =H101*F101 -> 1095.9593
A102: 9.2 | B102: SETOP | C102: ED-34473 | D102: DISJUNTOR BIPOLAR TIPO DIN, CORRENTE NOMINAL DE 10A, FORNECIMENTO E INSTALAÇÃO, INCLUSIVE TERMINAL ILHÓS | E102: UN | F102: 2 | G102: 50.69 | H102: =G102*(1+$I$6) -> 62.622426 | I102: =H102*F102 -> 125.24485
...

Sheet CRONOGRAMA
A2: CRONOGRAMA FÍSICO-FINANCEIRO
A3: =ORÇAMENTO!A3 -> OBRA: CONSTUÇÃO DE COBERTURA DE QUADRA POLIESPORTIVA DA ESCOLA SÃO JOSÉ | H3: =ORÇAMENTO!H3 -> DATA: 15/05/2026
A4: =ORÇAMENTO!A4 -> LOCAL: ESTRADA VICINAL - ZONA RURAL, OURO FINO - MG
A5: =ORÇAMENTO!A5 -> REGIÃO/MÊS DE REF.: SETOP SUL 01-2026 SEM DESONERAÇÃO / SINAPI 03-2026 NÃO DESONERADO
A6: =ORÇAMENTO!A6 -> PRAZO DE EXECUÇÃO: 03 MESES
A7: =ORÇAMENTO!A7 -> VALOR ESTIMADO DA OBRA: | C7: =ORÇAMENTO!D7 -> 510535.16 | J7: =IF(SUM(H35)=D35,TRUE,FALSE) -> TRUE
A9: ITEM | B9: ETAPAS | C9: FÍSICO / FINANCEIRO | D9: TOTAL ETAPAS | E9: 1º MÊS | F9: 2º MÊS | G9: 3º MÊS | H9: TOTAL
A10: =ORÇAMENTO!A10 -> 1.0 | B10: =ORÇAMENTO!B10 -> SERVIÇOS PRELIMINARES | C10: Físico % | D10: 1 | E10: 1 | H10: =SUM(E10:G10) -> 1
C11: Financeiro | D11: =ORÇAMENTO!G15 -> 23623.03 | E11: =E10*$D$11 -> 23623.03 | F11: =F10*$D$11 -> 0 | G11: =G10*$D$11 -> 0 | H11: =SUM(E11:G11) -> 23623.03
A12: =ORÇAMENTO!A16 -> 2.0 | B12: =ORÇAMENTO!B16 -> MOVIMENTAÇÃO DE TERRA | C12: Físico % | D12: 1 | E12: 0.6 | F12: 0.2 | G12: 0.2 | H12: =SUM(E12:G12) -> 1
C13: Financeiro | D13: =ORÇAMENTO!G21 -> 6703.66 | E13: =E12*$D$13 -> 4022.196 | F13: =F12*$D$13 -> 1340.732 | G13: =G12*$D$13 -> 1340.732 | H13: =SUM(E13:G13) -> 6703.66
A14: =ORÇAMENTO!A22 -> 3.0 | B14: =ORÇAMENTO!B22 -> ESTRUTURA | C14: Físico % | D14: 1 | E14: 0.3 | F14: 0.5 | G14: 0.2 | H14: =SUM(E14:G14) -> 1
C15: Financeiro | D15: =ORÇAMENTO!G54 -> 58538.73 | E15: =E14*$D$15 -> 17561.619 | F15: =F14*$D$15 -> 29269.365 | G15: =G14*$D$15 -> 11707.746 | H15: =SUM(E15:G15) -> 58538.73
A16: =ORÇAMENTO!A55 -> 4.0 | B16: =ORÇAMENTO!B55 -> PISOS | C16: Físico % | D16: 1 | F16: 0.5 | G16: 0.5 | H16: =SUM(E16:G16) -> 1
C17: Financeiro | D17: =ORÇAMENTO!G64 -> 97284.92 | E17: =E16*$D$17 -> 0 | F17: =F16*$D$17 -> 48642.46 | G17: =G16*$D$17 -> 48642.46 | H17: =SUM(E17:G17) -> 97284.92
A18: =ORÇAMENTO!A65 -> 5.0 | B18: =ORÇAMENTO!B65 -> ALVENARIA | C18: Físico % | D18: 1 | G18: 1 | H18: =SUM(E18:G18) -> 1
C19: Financeiro | D19: =ORÇAMENTO!G67 -> 29015.52 | E19: =E18*$D$19 -> 0 | F19: =F18*$D$19 -> 0 | G19: =G18*$D$19 -> 29015.52 | H19: =SUM(E19:G19) -> 29015.52
A20: =ORÇAMENTO!A68 -> 6.0 | B20: =ORÇAMENTO!B68 -> COBERTURA | C20: Físico % | D20: 1 | E20: 0.4 | F20: 0.3 | G20: 0.3 | H20: =SUM(E20:G20) -> 1
C21: Financeiro | D21: =ORÇAMENTO!G79 -> 165493.12 | E21: =E20*$D$21 -> 66197.248 | F21: =F20*$D$21 -> 49647.936 | G21: =G20*$D$21 -> 49647.936 | H21: =SUM(E21:G21) -> 165493.12
A22: =ORÇAMENTO!A80 -> 7.0 | B22: =ORÇAMENTO!B80 -> REVESTIMENTOS | C22: Físico % | D22: 1 | F22: 0.7 | G22: 0.3 | H22: =SUM(E22:G22) -> 1
C23: Financeiro | D23: =ORÇAMENTO!G84 -> 9540.49 | E23: =E22*$D$23 -> 0 | F23: =F22*$D$23 -> 6678.343 | G23: =G22*$D$23 -> 2862.147 | H23: =SUM(E23:G23) -> 9540.49
A24: =ORÇAMENTO!A85 -> 8.0 | B24: =ORÇAMENTO!B85 -> PINTURA | C24: Físico % | D24: 1 | E24: 0.2 | F24: 0.4 | G24: 0.4 | H24: =SUM(E24:G24) -> 1
C25: Financeiro | D25: =ORÇAMENTO!G99 -> 45762.65 | E25: =E24*$D$25 -> 9152.53 | F25: =F24*$D$25 -> 18305.06 | G25: =G24*$D$25 -> 18305.06 | H25: =SUM(E25:G25) -> 45762.65
A26: =ORÇAMENTO!A100 -> 9.0 | B26: =ORÇAMENTO!B100 -> INSTALAÇÕES ELETRICAS | C26: Físico % | D26: 1 | E26: 0.15 | F26: 0.85 | H26: =SUM(E26:G26) -> 1
C27: Financeiro | D27: =ORÇAMENTO!G106 -> 3363.4 | E27: =E26*$D$27 -> 504.51 | F27: =F26*$D$27 -> 2858.89 | G27: =G26*$D$27 -> 0 | H27: =SUM(E27:G27) -> 3363.4
A28: =ORÇAMENTO!A107 -> 10.0 | B28: =ORÇAMENTO!B107 -> ÁGUA PLUVIAL / DRENAGEM | C28: Físico % | D28: 1 | F28: 1 | H28: =SUM(E28:G28) -> 1
C29: Financeiro | D29: =ORÇAMENTO!G109 -> 1350.87 | E29: =E28*$D$29 -> 0 | F29: =F28*$D$29 -> 1350.87 | G29: =G28*$D$29 -> 0 | H29: =SUM(E29:G29) -> 1350.87
A30: =ORÇAMENTO!A110 -> 11.0 | B30: =ORÇAMENTO!B110 -> IMPERMEABILIZAÇÕES | C30: Físico % | D30: 1 | F30: 0.6 | G30: 0.4 | H30: =SUM(E30:G30) -> 1
C31: Financeiro | D31: =ORÇAMENTO!G112 -> 3524.64 | E31: =E30*$D$31 -> 0 | F31: =F30*$D$31 -> 2114.784 | G31: =G30*$D$31 -> 1409.856 | H31: =SUM(E31:G31) -> 3524.64
A32: =ORÇAMENTO!A113 -> 12.0 | B32: =ORÇAMENTO!B113 -> SERVIÇOS COMPLEMENTARES | C32: Físico % | D32: 1 | E32: 0.6 | F32: 0.2 | G32: 0.2 | H32: =SUM(E32:G32) -> 1
C33: Financeiro | D33: =ORÇAMENTO!G122 -> 66334.13 | E33: =E32*$D$33 -> 39800.478 | F33: =F32*$D$33 -> 13266.826 | G33: =G32*$D$33 -> 13266.826 | H33: =SUM(E33:G33) -> 66334.13
A34: TOTAL | C34: Físico % | D34: 1 | E34: =E35/$D$35 -> 0.31508429 | F34: =F35/$D$35 -> 0.33979103 | G34: =G35/$D$35 -> 0.34512467 | H34: =SUM(E34:G34) -> 1
C35: Financeiro | D35: =ROUND(D11+D13+D15+D17+D19+D21+D23+D25+D27+D29+D31+D33,2) -> 510535.16 | E35: =ROUND(E11+E13+E15+E17+E19+E21+E23+E25+E27+E29+E31+E33,2) -> 160861.61 | F35: =ROUND(F11+F13+F15+F17+F19+F21+F23+F25+F27+F29+F31+F33,2) -> 173475.27 | G35: =ROUND(G11+G13+G15+G17+G19+G21+G23+G25+G27+G29+G31+G33,2) -> 176198.28 | H35: =ROUND(H11+H13+H15+H17+H19+H21+H23+H25+H27+H29+H31+H33,2) -> 510535.16
A43: ____________________________________
A44: Responsável Técnico: Daniel Teixeira
A45: Engenheiro Civil - CREA MG 88325/D

Sheet COMPOSIÇÃO
A2: COMPOSIÇÃO DE CUSTO
A3: =ORÇAMENTO!A3 -> OBRA: CONSTUÇÃO DE COBERTURA DE QUADRA POLIESPORTIVA DA ESCOLA SÃO JOSÉ | G3: =ORÇAMENTO!H3 -> DATA: 15/05/2026
A4: =ORÇAMENTO!A4 -> LOCAL: ESTRADA VICINAL - ZONA RURAL, OURO FINO - MG
A5: =ORÇAMENTO!A5 -> REGIÃO/MÊS DE REF.: SETOP SUL 01-2026 SEM DESONERAÇÃO / SINAPI 03-2026 NÃO DESONERADO
A6: =ORÇAMENTO!A6 -> PRAZO DE EXECUÇÃO: 03 MESES
A7: =ORÇAMENTO!A7 -> VALOR ESTIMADO DA OBRA: | D7: =ORÇAMENTO!D7 -> 510535.16
A9: COMPOSIÇÃO | B9: 104314/1 | C9: ESTRUTURA TRELIÇADA DE COBERTURA EM ARCO, COM LIGAÇÕES SOLDADAS, INCLUSOS PERFIS METÁLICOS, CHAPAS METÁLICAS, MÃO DE OBRA E TRANSPORTE COM GUINDASTE - FORNECIMENTO E INSTALAÇÃO. (TESOURAS) | E9: UNIDADE | F9: KG
A10: TIPO | B10: CODIGO | D10: DESCRIÇÃO | E10: UNID | F10: ÍNDICE | G10: UNIT. (R$) | H10: TOTAL
A12: INSUMO / COMPOSIÇÃO | B12: FONTE | C12: CÓDIGO | D12: DESCRIÇÃO | E12: UN. | F12: COEF. | G12: CUSTO UNITÁRIO | H12: SUBTOTAL
A13: INSUMO | B13: SINAPI-I | C13: 1332 | D13: CHAPA DE ACO GROSSA, ASTM A36, E = 3/8 " (9,53 MM) 74,69 KG/M2 | E13: KG | F13: 0.0019177 | G13: 8.06 | H13: =G13*F13 -> 0.015456662
A14: INSUMO | B14: SINAPI-I | C14: 1333 | D14: CHAPA DE ACO GROSSA, ASTM A36, E = 1/2 " (12,70 MM) 99,59 KG/M2 | E14: KG | F14: 0.0074239 | G14: 7.93 | H14: =G14*F14 -> 0.058871527
A15: INSUMO | B15: SINAPI-I | C15: 43692 | D15: PERFIL "U" SIMPLES, EM CHAPA DOBRADA DE ACO LAMINADO, E = 3 MM, H = 200 MM, L = 50 MM (6,83 KG/M) | E15: KG | F15: 1.05 | G15: 9.12 | H15: =G15*F15 -> 9.576
A16: INSUMO | B16: SINAPI-I | C16: 10997 | D16: ELETRODO REVESTIDO AWS - E7018, DIAMETRO IGUAL A 4,00 MM | E16: KG | F16: 0.002 | G16: 51.84 | H16: =G16*F16 -> 0.10368
A17: COMPOSIÇÃO | B17: SINAPI | C17: 88240 | D17: AJUDANTE DE ESTRUTURA METÁLICA COM ENCARGOS COMPLEMENTARES | E17: H | F17: 0.0009 | G17: 32.23 | H17: =G17*F17 -> 0.029007
A18: COMPOSIÇÃO | B18: SINAPI | C18: 88278 | D18: MONTADOR DE ESTRUTURA METÁLICA COM ENCARGOS COMPLEMENTARES | E18: H | F18: 0.0257 | G18: 34.81 | H18: =G18*F18 -> 0.894617
A19: COMPOSIÇÃO | B19: SINAPI | C19: 88317 | D19: SOLDADOR COM ENCARGOS COMPLEMENTARES | E19: H | F19: 0.006 | G19: 41.01 | H19: =G19*F19 -> 0.24606
A20: COMPOSIÇÃO | B20: SINAPI | C20: 93287 | D20: GUINDASTE HIDRÁULICO AUTOPROPELIDO, COM LANÇA TELESCÓPICA 40 M, CAPACIDADE MÁXIMA 60 T, POTÊNCIA 260 KW - CHP DIURNO. AF_03/2016 | E20: CHP | F20: 0.0008 | G20: 356.42 | H20: =G20*F20 -> 0.285136
A21: COMPOSIÇÃO | B21: SINAPI | C21: 93288 | D21: GUINDASTE HIDRÁULICO AUTOPROPELIDO, COM LANÇA TELESCÓPICA 40 M, CAPACIDADE MÁXIMA 60 T, POTÊNCIA 260 KW - CHI DIURNO. AF_03/2016 | E21: CHI | F21: 0.0008 | G21: 184.81 | H21: =G21*F21 -> 0.147848
A22: COMPOSIÇÃO | B22: SINAPI | C22: 100716 | D22: JATEAMENTO ABRASIVO COM GRANALHA DE AÇO EM PERFIL METÁLICO EM FÁBRICA. AF_01/2020 | E22: M2 | F22: 0.0889 | G22: 24.75 | H22: =G22*F22 -> 2.200275
F23: VALOR TOTAL | H23: =ROUND(SUM(H13:H22),2) -> 13.56
A25: COMPOSIÇÃO | B25: 104314/2 | C25: ESTRUTURA TRELIÇADA DE PILARES COM LIGAÇÕES SOLDADAS, INCLUSOS PERFIS METÁLICOS, CHAPAS METÁLICAS, MÃO DE OBRA E TRANSPORTE COM GUINDASTE - FORNECIMENTO E INSTALAÇÃO. (PILARES) | E25: UNIDADE | F25: KG
A26: TIPO | B26: CODIGO | D26: DESCRIÇÃO | E26: UNID | F26: ÍNDICE | G26: UNIT. (R$) | H26: TOTAL
A28: INSUMO / COMPOSIÇÃO | B28: FONTE | C28: CÓDIGO | D28: DESCRIÇÃO | E28: UN. | F28: COEF. | G28: CUSTO UNITÁRIO | H28: SUBTOTAL
A29: INSUMO | B29: SINAPI-I | C29: 1332 | D29: CHAPA DE ACO GROSSA, ASTM A36, E = 3/8 " (9,53 MM) 74,69 KG/M2 | E29: KG | F29: 0.0019177 | G29: 8.06 | H29: =G29*F29 -> 0.015456662
A30: INSUMO | B30: SINAPI-I | C30: 1333 | D30: CHAPA DE ACO GROSSA, ASTM A36, E = 1/2 " (12,70 MM) 99,59 KG/M2 | E30: KG | F30: 0.0074239 | G30: 7.93 | H30: =G30*F30 -> 0.058871527
A31: INSUMO | B31: SINAPI-I | C31: 43665 | D31: PERFIL "U" SIMPLES, EM CHAPA DOBRADA DE ACO LAMINADO, E = 4,75 MM, H = 100 MM, L = 75 MM (8,74 KG/M) | E31: KG | F31: 1.05 | G31: 9.12 | H31: =G31*F31 -> 9.576
A32: INSUMO | B32: SINAPI-I | C32: 10997 | D32: ELETRODO REVESTIDO AWS - E7018, DIAMETRO IGUAL A 4,00 MM | E32: KG | F32: 0.0018 | G32: 51.84 | H32: =G32*F32 -> 0.093312
A33: COMPOSIÇÃO | B33: SINAPI | C33: 88240 | D33: AJUDANTE DE ESTRUTURA METÁLICA COM ENCARGOS COMPLEMENTARES | E33: H | F33: 0,0008000 | G33: 32.23 | H33: =G33*F33 -> 0.025784
A34: COMPOSIÇÃO | B34: SINAPI | C34: 88278 | D34: MONTADOR DE ESTRUTURA METÁLICA COM ENCARGOS COMPLEMENTARES | E34: H | F34: 0,0237000 | G34: 34.81 | H34: =G34*F34 -> 0.824997
A35: COMPOSIÇÃO | B35: SINAPI | C35: 88317 | D35: SOLDADOR COM ENCARGOS COMPLEMENTARES | E35: H | F35: 0,0050000 | G35: 41.01 | H35: =G35*F35 -> 0.20505
A36: COMPOSIÇÃO | B36: SINAPI | C36: 93287 | D36: GUINDASTE HIDRÁULICO AUTOPROPELIDO, COM LANÇA TELESCÓPICA 40 M, CAPACIDADE MÁXIMA 60 T, POTÊNCIA 260 KW - CHP DIURNO. AF_03/2016 | E36: CHP | F36: 0,0007000 | G36: 356.42 | H36: =G36*F36 -> 0.249494
A37: COMPOSIÇÃO | B37: SINAPI | C37: 93288 | D37: GUINDASTE HIDRÁULICO AUTOPROPELIDO, COM LANÇA TELESCÓPICA 40 M, CAPACIDADE MÁXIMA 60 T, POTÊNCIA 260 KW - CHI DIURNO. AF_03/2016 | E37: CHI | F37: 0,0005000 | G37: 184.81 | H37: =G37*F37 -> 0.092405
A38: COMPOSIÇÃO | B38: SINAPI | C38: 100716 | D38: JATEAMENTO ABRASIVO COM GRANALHA DE AÇO EM PERFIL METÁLICO EM FÁBRICA. AF_01/2020 | E38: M2 | F38: 0,0789000 | G38: 24.75 | H38: =G38*F38 -> 1.952775
F39: VALOR TOTAL | H39: =ROUND(SUM(H29:H38),2) -> 13.09
A41: COMPOSIÇÃO | B41: =ORÇAMENTO!C73 -> 10957/1 | C41: =ORÇAMENTO!D73 -> CHAPA DE ACO GROSSA, ASTM A36, E = 3/4 " (19,05 MM) 149,39 KG/M2 | E41: UNIDADE | F41: =ORÇAMENTO!E73 -> KG
A42: TIPO | B42: CODIGO | D42: DESCRIÇÃO | E42: UNID | F42: ÍNDICE | G42: UNIT. (R$) | H42: TOTAL
A44: INSUMO / SERVIÇO | B44: FONTE | C44: CÓDIGO | D44: DESCRIÇÃO | E44: UN. | F44: COEF. | G44: CUSTO UNITÁRIO | H44: SUBTOTAL
A45: INSUMO | B45: SINAPI-I | C45: 10957 | D45: CHAPA DE ACO GROSSA, ASTM A36, E = 3/4" (19,05 MM) 149,39 KG/M2 | E45: KG | F45: 1 | G45: 9.06 | H45: =G45*F45 -> 9.06
A46: SERVIÇO | B46: SINAPI | C46: 88316 | D46: SERVENTE COM ENCARGOS COMPLEMENTARES | E46: H | F46: 0.0666 | G46: 31.15 | H46: =G46*F46 -> 2.07459
A47: SERVIÇO | B47: SINAPI | C47: 88278 | D47: MONTADOR DE ESTRUTURA METÁLICA COM ENCARGOS COMPLEMENTARES | E47: H | F47: 0.15 | G47: 34.81 | H47: =G47*F47 -> 5.2215
F48: VALOR TOTAL | H48: =ROUND(SUM(H45:H47),2) -> 16.36
A50: COMPOSIÇÃO | B50: =ORÇAMENTO!C76 -> 11033/1 | C50: =ORÇAMENTO!D76 -> SUPORTE PARA CALHA DE 150 MM EM FERRO GALVANIZADO | E50: UNIDADE | F50: =ORÇAMENTO!E76 -> UN
A51: TIPO | B51: CODIGO | D51: DESCRIÇÃO | E51: UNID | F51: ÍNDICE | G51: UNIT. (R$) | H51: TOTAL
A53: INSUMO / SERVIÇO | B53: FONTE | C53: CÓDIGO | D53: DESCRIÇÃO | E53: UN. | F53: COEF. | G53: CUSTO UNITÁRIO | H53: SUBTOTAL
A54: SERVIÇO | B54: SINAPI-I | C54: 11033 | D54: SUPORTE PARA CALHA DE 150 MM EM ACO GALVANIZADO | E54: UN | F54: 1 | G54: 6.8 | H54: =TRUNC(G54*F54,2) -> 6.8
A55: SERVIÇO | B55: SINAPI | C55: 88316 | D55: SERVENTE COM ENCARGOS COMPLEMENTARES | E55: H | F55: 0.086 | G55: 31.15 | H55: =G55*F55 -> 2.6789
A56: SERVIÇO | B56: SINAPI | C56: 88278 | D56: MONTADOR DE ESTRUTURA METÁLICA COM ENCARGOS COMPLEMENTARES | E56: H | F56: 0.1 | G56: 34.81 | H56: =G56*F56 -> 3.481
F57: VALOR TOTAL | H57: =SUM(H54:H56) -> 12.9599
A59: COMPOSIÇÃO | B59: =ORÇAMENTO!C78 -> 11975/1 | C59: =ORÇAMENTO!D78 -> CHUMBADOR DE ACO, DIAMETRO 5/8", COMPRIMENTO 6", COM PORCA | E59: UNIDADE | F59: =ORÇAMENTO!E78 -> UN
A60: TIPO | B60: CODIGO | D60: DESCRIÇÃO | E60: UNID | F60: ÍNDICE | G60: UNIT. (R$) | H60: TOTAL
A62: INSUMO / SERVIÇO | B62: FONTE | C62: CÓDIGO | D62: DESCRIÇÃO | E62: UN. | F62: COEF. | G62: CUSTO UNITÁRIO | H62: SUBTOTAL
A63: INSUMO | B63: SINAPI-I | C63: 11975 | D63: CHUMBADOR DE ACO ZINCADO, DIAMETRO 5/8", COMPRIMENTO 6", COM PORCA | E63: KG | F63: 1 | G63: 21.17 | H63: =G63*F63 -> 21.17
A64: SERVIÇO | B64: SINAPI | C64: 88316 | D64: SERVENTE COM ENCARGOS COMPLEMENTARES | E64: H | F64: 0.086 | G64: 31.15 | H64: =G64*F64 -> 2.6789
A65: SERVIÇO | B65: SINAPI | C65: 88309 | D65: PEDREIRO COM ENCARGOS COMPLEMENTARES | E65: H | F65: 0.06 | G65: 35.87 | H65: =G65*F65 -> 2.1522
F66: VALOR TOTAL | H66: =ROUND(SUM(H63:H65),2) -> 26
A68: COMPOSIÇÃO | B68: =ORÇAMENTO!C104 -> 105920/1 | C68: =ORÇAMENTO!D104 -> LUMINARIA REFLETOR LED RETANGULAR BIVOLT, LUZ BRANCA 50W | E68: UNIDADE | F68: =ORÇAMENTO!#REF! -> #REF!
A69: TIPO | B69: CODIGO | D69: DESCRIÇÃO | E69: UNID | F69: ÍNDICE | G69: UNIT. (R$) | H69: TOTAL
A71: INSUMO / SERVIÇO | B71: FONTE | C71: CÓDIGO | D71: DESCRIÇÃO | E71: UN. | F71: COEF. | G71: CUSTO UNITÁRIO | H71: SUBTOTAL
A72: INSUMO | B72: SINAPI-I | C72: 39391 | D72: LUMINARIA LED REFLETOR RETANGULAR BIVOLT, LUZ BRANCA, 50 W | E72: UN | F72: 1 | G72: 24.99 | H72: =G72*F72 -> 24.99
B73: SINAPI-I | C73: 21127 | D73: FITA ISOLANTE ADESIVA ANTICHAMA, USO ATE 750 V, EM ROLO DE 19 MM X 5 M | E73: UN | F73: 0.042 | G73: 6.52 | H73: =G73*F73 -> 0.27384
B74: SINAPI | C74: 88247 | D74: AUXILIAR DE ELETRICISTA COM ENCARGOS COMPLEMENTARES | E74: H | F74: 0.7289 | G74: 34.12 | H74: =G74*F74 -> 24.870068
A75: COMPOSIÇÃO | B75: SINAPI | C75: 88264 | D75: ELETRICISTA COM ENCARGOS COMPLEMENTARES | E75: H | F75: 0.7289 | G75: 45.53 | H75: =G75*F75 -> 33.186817
F76: VALOR TOTAL | H76: =ROUND(SUM(H72:H75),2) -> 83.32
A85: ____________________________________
A86: Responsável Técnico: Daniel Teixeira
A87: Engenheiro Civil - CREA MG 88325/D

Sheet MEMORIAL QUANTITATIVO
A2: MEMORIAL QUANTITATIVO
A3: =ORÇAMENTO!A3 -> OBRA: CONSTUÇÃO DE COBERTURA DE QUADRA POLIESPORTIVA DA ESCOLA SÃO JOSÉ | L3: =ORÇAMENTO!H3 -> DATA: 15/05/2026
A4: =ORÇAMENTO!A4 -> LOCAL: ESTRADA VICINAL - ZONA RURAL, OURO FINO - MG | J4: FORMA DE EXECUÇÃO:
A5: =ORÇAMENTO!A5 -> REGIÃO/MÊS DE REF.: SETOP SUL 01-2026 SEM DESONERAÇÃO / SINAPI 03-2026 NÃO DESONERADO | J5: ( ) | K5: DIRETA | L5: ( x ) | M5: INDIRETA
A6: =ORÇAMENTO!A6 -> PRAZO DE EXECUÇÃO: 03 MESES | L6: BDI | M6: =ORÇAMENTO!I6 -> 0.2354
A7: =ORÇAMENTO!A7 -> VALOR ESTIMADO DA OBRA: | D7: =ORÇAMENTO!D7 -> 510535.16
A9: =ORÇAMENTO!A10 -> 1.0 | C9: =ORÇAMENTO!B10 -> SERVIÇOS PRELIMINARES
A11: =ORÇAMENTO!A11 -> 1.1 | C11: =ORÇAMENTO!D11 -> FORNECIMENTO E COLOCAÇÃO DE PLACA DE OBRA EM CHAPA GALVANIZADA #26, ESP. 0,45 MM, PLOTADA COM ADESIVO VINÍLICO, AFIXADA COM REBITES 4,8X40 MM, EM ESTRUTURA METÁLICA DE METALON 20X20 MM, ESP. 1,25 MM, INCLUSIVE SUPORTE EM EUCALIPTO AUTOCLAVADO PINTADO COM TINTA PVA DUAS (2) DEMÃOS | M11: =ORÇAMENTO!E11 -> M2
B13: Quantidade | D13: = | E13: 1.5 | F13: x | G13: 3 | L13: = | M13: =E13*G13 -> 4.5
E14: comp. | G14: altura
B16: Total | L16: = | M16: =SUM(M13:M15) -> 4.5
A18: =ORÇAMENTO!A12 -> 1.2 | C18: =ORÇAMENTO!D12 -> TAPUME COM TELHA METÁLICA. AF_03/2024 | M18: =ORÇAMENTO!E12 -> M2
B20: Quantidade | D20: = | E20: =43.9725-1.5 -> 42.4725 | F20: x | G20: 2.8 | L20: = | M20: =E20*G20 -> 118.923
B21: Escola | E21: perimetro | G21: altura
B23: Total | D23: medidas retiradas do autocad | H23: PROJ. ARQUITETONICO (PR ÚNICA) | L23: = | M23: =SUM(M20:M22) -> 118.923
A25: =ORÇAMENTO!A13 -> 1.3 | C25: =ORÇAMENTO!D13 -> PORTÃO PARA TAPUME FIXO DE PROTEÇÃO COM FECHAMENTO DE OBRA EM CHAPA DE COMPENSADO, ESP. 12MM, COM MÓDULO NA DIMENSÃO DE (110X220)CM, INCLUSIVE FERRAGENS E PINTURA LÁTEX (PVA) COM DUAS (2) DEMÃOS | M25: =ORÇAMENTO!E13 -> M2
B27: Quantidade | D27: = | E27: 1.5 | F27: x | G27: 2.8 | L27: = | M27: =E27*G27 -> 4.2
B28: Escola | E28: comp. | G28: altura
B30: Total | D30: medidas retiradas do autocad | H30: PROJ. ARQUITETONICO (PR ÚNICA) | L30: = | M30: =SUM(M27:M29) -> 4.2
A32: =ORÇAMENTO!A14 -> 1.4 | C32: =ORÇAMENTO!D14 -> LOCAÇÃO DE OBRA COM GABARITO DE TÁBUAS CORRIDAS PONTALETADAS A CADA 2,00M, REAPROVEITAMENTO (2X), INCLUSIVE ACOMPANHAMENTO DE EQUIPE TOPOGRÁFICA PARA MARCAÇÃO DE PONTO TOPOGRÁFICO | M32: =ORÇAMENTO!E14 -> M
B34: Quantidade | D34: = | E34: 82.945 | L34: = | M34: =E34 -> 82.945
B35: Escola | E35: perimetro
B37: Total | D37: medidas retiradas do autocad | H37: PROJ. ARQUITETONICO (PR ÚNICA) | L37: = | M37: =SUM(M34:M36) -> 82.945
A39: =ORÇAMENTO!A16 -> 2.0 | C39: =ORÇAMENTO!B16 -> MOVIMENTAÇÃO DE TERRA
A41: =ORÇAMENTO!A17 -> 2.1 | C41: =ORÇAMENTO!D17 -> ESCAVAÇÃO MANUAL DE VALA. AF_09/2024 | M41: =ORÇAMENTO!E17 -> M3
B43: Blocos | D43: = | E43: =(1.62*0.87*0.45) -> 0.63423 | F43: x | G43: 12 | L43: = | M43: =E43*G43 -> 7.61076
B44: Escola | E44: Vol. | G44: Quant
B46: Baldrame | D46: = | E46: =(82.0854) -> 82.0854 | F46: x | G46: =(0.2+0.3) -> 0.5 | H46: x | I46: =(0.3) -> 0.3 | L46: = | M46: =E46*G46*I46 -> 12.31281
B47: Escola | E47: comprim. | G47: largura | I47: altura
B49: Estacas broca | D49: = | E49: 0.8 | F49: x | G49: =(3.14*0.25^2)/4 -> 0.0490625 | H49: x | I49: 40 | J49: PROJ. ESTRUTURAL (PR 01-02) | L49: = | M49: =E49*G49*I49 -> 1.57
B50: Escola | E50: comprim. | G50: area | I50: Quant
B52: Estacas armada | D52: = | E52: 6 | F52: x | G52: =(3.14*0.25^2)/4 -> 0.0490625 | H52: x | I52: 24 | J52: PROJ. COBERTURA (PR ÚNICA) | L52: = | M52: =E52*G52*I52 -> 7.065
B53: Escola | E53: comprim. | G53: area | I53: Quant
B55: Total | D55: medidas retiradas do autocad | L55: = | M55: =SUM(M43:M52) -> 28.55857
A57: =ORÇAMENTO!A18 -> 2.2 | C57: =ORÇAMENTO!D18 -> REATERRO MANUAL DE VALAS, COM PLACA VIBRATÓRIA. AF_08/2023 | M57: =ORÇAMENTO!E18 -> M3
B59: Bloco | D59: = | E59: =M43 -> 7.61076 | F59: - | G59: =M138 -> 3.89 | L59: = | M59: =E59-G59 -> 3.72076
B60: Escola | E60: Volume escavado | G60: Vol. Concreto
B62: Baldrame | D62: = | E62: =M46 -> 12.31281 | F62: - | G62: =M182 -> 4.99 | L62: = | M62: =E62-G62 -> 7.32281
B63: Escola | E63: Volume escavado | G63: Vol. Concreto
B65: Total | H65: PROJ. ESTRUTURAL (PR ÚNICA) | L65: = | M65: =SUM(M59:M64) -> 11.04357
A67: =ORÇAMENTO!A19 -> 2.3 | C67: =ORÇAMENTO!D19 -> TRANSPORTE DE MATERIAL DE QUALQUER NATUREZA EM CAMINHÃO, DISTÂNCIA MAIOR QUE 2KM E MENOR OU IGUAL A 5KM, DENTRO DO PERÍMETRO URBANO, EXCLUSIVE CARGA, INCLUSIVE DESCARGA | M67: =ORÇAMENTO!E19 -> M3xKM
B69: bota fora terra | D69: = | E69: =M55 -> 28.55857 | F69: - | G69: =M65 -> 11.04357 | L69: = | M69: =E69-G69 -> 17.515
B70: Escola | E70: Vol. Escavado | G70: Vol. Reaterro
B72: Entulho piso demolido | D72: = | E72: =M545 -> 35.3065 | L72: = | M72: =E72 -> 35.3065
B73: Escola | E73: Vol.
B75: Total | F75: PROJ. ESTRUTURAL (PR ÚNICA) | J75: 10 | K75: Km | L75: = | M75: =SUM(M69:M72)*J75 -> 528.215
A77: =ORÇAMENTO!A20 -> 2.4 | C77: =ORÇAMENTO!D20 -> CARGA MECÂNICA DE MATERIAL DE QUALQUER NATUREZA SOBRE CAMINHÃO, EXCLUSIVE TRANSPORTE | M77: =ORÇAMENTO!E20 -> M3
B79: bota fora terra | D79: = | E79: =M69 -> 17.515 | L79: = | M79: =E79 -> 17.515
B80: Escola | E80: Vol.
B82: Entulho piso demolido | D82: = | E82: =M72 -> 35.3065 | L82: = | M82: =E82 -> 35.3065
B83: Escola | E83: Vol.
B85: Total | H85: PROJ. ESTRUTURAL (PR ÚNICA) | L85: = | M85: =SUM(M79:M83) -> 52.8215
A87: =ORÇAMENTO!A23 -> 3.1 | C87: =ORÇAMENTO!C23 -> ESTACA
A89: =ORÇAMENTO!A24 -> 3.1.1 | C89: =ORÇAMENTO!D24 -> MOBILIZAÇÃO E DESMOBILIZAÇÃO DE EQUIPAMENTO PARA ESTACA TIPO TRADO ROTATIVO (CUSTO FIXO), INCLUSIVE CARGA E DESCARGA, EXCLUSIVE TRANSPORTE EM QUILÔMETRO RODADO (CUSTO VARIÁVEL) | M89: =ORÇAMENTO!E24 -> UN
B91: Quantidade | D91: = | E91: 1 | G91: PROJ. COBERTURA (PR ÚNICA) | L91: = | M91: =E91 -> 1
B92: Escola | E92: Quantidade
B94: TOTAL | L94: = | M94: =SUM(M91:M93) -> 1
A96: =ORÇAMENTO!A25 -> 3.1.2 | C96: =ORÇAMENTO!D25 -> MOBILIZAÇÃO E DESMOBILIZAÇÃO DE EQUIPAMENTO PARA ESTACA TIPO TRADO ROTATIVO (CUSTO VARIÁVEL), EXCLUSIVE CUSTO FIXO DE TRANSPORTE | M96: =ORÇAMENTO!E25 -> KM
B98: Quantidade | D98: = | E98: 10 | G98: PROJ. COBERTURA (PR ÚNICA) | L98: = | M98: =E98 -> 10
B99: Escola | E99: distancia Km
B101: TOTAL | L101: = | M101: =SUM(M98:M100) -> 10
A103: =ORÇAMENTO!A26 -> 3.1.3 | C103: =ORÇAMENTO!D26 -> PERFURAÇÃO MECÂNICA DE ESTACA TIPO TRADO ROTATIVO, INCLUSIVE AFASTAMENTO LATERAL, EXCLUSIVE ARMAÇÃO, CONCRETO ESTRUTURAL, TRANSPORTE E RETIRADA DO MATERIAL ESCAVADO | M103: =ORÇAMENTO!E26 -> M3
B105: Quantidade | E105: =(3.14*0.25^2)/4 -> 0.0490625 | F105: x | G105: 6 | H105: x | I105: 24 | J105: PROJ. COBERTURA (PR ÚNICA) | L105: = | M105: =(E105*G105*I105) -> 7.065
B106: Escola | E106: Area D=25cm | G106: Profundidade | I106: Quantidade
B108: TOTAL | L108: = | M108: =SUM(M105:M107) -> 7.065
A110: =ORÇAMENTO!A27 -> 3.1.4 | C110: =ORÇAMENTO!D27 -> CORTE, DOBRA E MONTAGEM DE AÇO CA-50/60 | M110: =ORÇAMENTO!E27 -> KG
B112: Estaca armada | D112: = | E112: =434.9+295.14 -> 730.04 | H112: PROJ. COBERTURA (PR ÚNICA) | L112: = | M112: =E112 -> 730.04
B113: Escola | E113: Peso
B115: TOTAL | L115: = | M115: =SUM(M112:M114) -> 730.04
A117: =ORÇAMENTO!A28 -> 3.1.5 | C117: =ORÇAMENTO!D28 -> FORNECIMENTO DE CONCRETO ESTRUTURAL, USINADO BOMBEADO, COM FCK 30MPA, INCLUSIVE LANÇAMENTO, ADENSAMENTO E ACABAMENTO | M117: =ORÇAMENTO!E28 -> M3
B119: Quantidade | E119: =(3.14*0.25^2)/4 -> 0.0490625 | F119: x | G119: 6 | H119: x | I119: 24 | L119: = | M119: =(E119*G119*I119) -> 7.065
B120: Escola | E120: Area D=25cm | G120: Profundidade | I120: Quantidade
B122: TOTAL | H122: PROJ. COBERTURA (PR ÚNICA) | L122: = | M122: =SUM(M119:M121) -> 7.065
A124: =ORÇAMENTO!A29 -> 3.1.6 | C124: =ORÇAMENTO!D29 -> ESTACA BROCA DE CONCRETO, DIÂMETRO DE 25CM, ESCAVAÇÃO MANUAL COM TRADO CONCHA, COM ARMADURA DE ARRANQUE. AF_05/2020 | M124: =ORÇAMENTO!E29 -> M
B126: Quamtidade | D126: = | E126: 0.8 | F126: x | G126: 40 | L126: = | M126: =E126*G126 -> 32
B127: Escola | E127: comprimento | G127: Quantidade
B129: TOTAL | H129: PROJ. ESTRUTURAL (PR 01-02) | L129: = | M129: =SUM(M126:M128) -> 32
A131: =ORÇAMENTO!A31 -> 3.2 | C131: =ORÇAMENTO!C31 -> BLOCO DE COROAMENTO
A133: =ORÇAMENTO!A32 -> 3.2.1 | C133: =ORÇAMENTO!D32 -> FORNECIMENTO DE CONCRETO ESTRUTURAL, USINADO BOMBEADO, COM FCK 30MPA, INCLUSIVE LANÇAMENTO, ADENSAMENTO E ACABAMENTO | M133: =ORÇAMENTO!E32 -> M3
B135: Bloco | D135: = | E135: 3.89 | I135: PROJ. COBERTURA (PR ÚNICA) | L135: = | M135: =E135 -> 3.89
B136: Escola | E136: Vol.
B138: TOTAL | L138: = | M138: =SUM(M135:M137) -> 3.89
A140: =ORÇAMENTO!A33 -> 3.2.2 | C140: =ORÇAMENTO!D33 -> FABRICAÇÃO, MONTAGEM E DESMONTAGEM DE FÔRMA PARA BLOCO DE COROAMENTO, EM MADEIRA SERRADA, E=25 MM, 4 UTILIZAÇÕES. AF_01/2024 | M140: =ORÇAMENTO!E33 -> M2
B142: Bloco | D142: = | E142: 20.41 | I142: PROJ. COBERTURA (PR ÚNICA) | L142: = | M142: =E142 -> 20.41
B143: Escola | E143: area
B145: TOTAL | L145: = | M145: =SUM(M142:M144) -> 20.41
A147: =ORÇAMENTO!A34 -> 3.2.3 | C147: =ORÇAMENTO!D34 -> ARMAÇÃO DE SAPATA ISOLADA, VIGA BALDRAME E SAPATA CORRIDA UTILIZANDO AÇO CA-50 DE 8 MM - MONTAGEM. AF_01/2024 | M147: =ORÇAMENTO!E34 -> KG
B149: Bloco | D149: = | E149: 35.2 | I149: PROJ. COBERTURA (PR ÚNICA) | L149: = | M149: =E149 -> 35.2
B150: Escola | E150: Peso
B152: TOTAL | L152: = | M152: =SUM(M149:M151) -> 35.2
A154: =ORÇAMENTO!A35 -> 3.2.4 | C154: =ORÇAMENTO!D35 -> ARMAÇÃO DE SAPATA ISOLADA, VIGA BALDRAME E SAPATA CORRIDA UTILIZANDO AÇO CA-60 DE 5 MM - MONTAGEM. AF_01/2024 | M154: =ORÇAMENTO!E35 -> KG
B156: Bloco | D156: = | E156: 64 | I156: PROJ. COBERTURA (PR ÚNICA) | L156: = | M156: =E156 -> 64
B157: Escola | E157: Peso
B159: TOTAL | L159: = | M159: =SUM(M156:M158) -> 64
A161: =ORÇAMENTO!A36 -> 3.2.5 | C161: =ORÇAMENTO!D36 -> APILOAMENTO DO FUNDO DE VALAS COM PLACA | M161: =ORÇAMENTO!E36 -> M2
B163: Bloco 2e h=45 | D163: = | E163: 1.4094 | F163: x | G163: 12 | I163: PROJ. COBERTURA (PR ÚNICA) | L163: = | M163: =E163*G163 -> 16.9128
B164: Escola | E164: Area +15cm | G164: Quant
B166: TOTAL | E166: 0,15 de cada borda dos blocos+area bloco | L166: = | M166: =SUM(M163:M165) -> 16.9128
A168: =ORÇAMENTO!A37 -> 3.2.6 | C168: =ORÇAMENTO!D37 -> LASTRO DE CONCRETO MAGRO, INCLUSIVE TRANSPORTE, LANÇAMENTO E ADENSAMENTO | M168: =ORÇAMENTO!E37 -> M3
B170: Bloco 2e h=45 | D170: = | E170: =1.32*0.57 -> 0.7524 | F170: x | G170: 12 | I170: PROJ. COBERTURA (PR ÚNICA) | L170: = | M170: =E170*G170 -> 9.0288
...

Sheet BDI
A2: CALCULO DO BDI
A3: =ORÇAMENTO!A3 -> OBRA: CONSTUÇÃO DE COBERTURA DE QUADRA POLIESPORTIVA DA ESCOLA SÃO JOSÉ | I3: =ORÇAMENTO!H3 -> DATA: 15/05/2026
A4: =ORÇAMENTO!A4 -> LOCAL: ESTRADA VICINAL - ZONA RURAL, OURO FINO - MG
A5: =ORÇAMENTO!A5 -> REGIÃO/MÊS DE REF.: SETOP SUL 01-2026 SEM DESONERAÇÃO / SINAPI 03-2026 NÃO DESONERADO
A6: =ORÇAMENTO!A6 -> PRAZO DE EXECUÇÃO: 03 MESES
A7: =ORÇAMENTO!A7 -> VALOR ESTIMADO DA OBRA: | D7: =ORÇAMENTO!D7 -> 510535.16
A10: Conforme legislação tributária municipal, definir estimativa de percentual da base de cálculo para o ISS: | I10: 0.6
A11: Sobre a base de cálculo, definir a respectiva alíquota do ISS (entre 2% e 5%): | I11: 0.05
A14: BDI
A16: TIPO DE OBRA
A18: Construção e Reforma de Edifícios
A21: Itens | I21: Siglas | J21: % Adotado
A23: Administração Central | I23: AC | J23: 0.04
A24: Seguro e Garantia | I24: SG | J24: 0.008
A25: Risco | I25: R | J25: 0.0127
A26: Despesas Financeiras | I26: DF | J26: 0.0123
A27: Lucro | I27: L | J27: 0.074
A28: Tributos (impostos COFINS 3%, e PIS 0,65%) | I28: CP | J28: 0.0365
A29: Tributos (ISS, variável de acordo com o município) | I29: ISS | J29: 0.03
A30: Tributos (Contribuição Previdenciária sobre a Receita Bruta - 0% ou 4,5% - Desoneração) | I30: CPRB | J30: 0
A31: BDI SEM desoneração (Fórmula Acórdão TCU) | I31: BDI PAD | J31: 0.2354
A35: Os valores de BDI foram calculados com o emprego da fórmula:
D36: BDI = | E36: (1+AC + S + R + G)*(1 + DF)*(1+L) | H36: - 1
E37: (1-CP-ISS-CRPB)
A42: Declaro para os devidos fins que, conforme legislação tributária municipal, a base de cálculo deste tipo de obra corresponde à 60%, com a respectiva alíquota de 5%.
A46: Declaro para os devidos fins que o regime de Contribuição Previdenciária sobre a Receita Bruta adotado para elaboração do orçamento foi SEM Desoneração, e que esta é a alternativa mais adequada para a Administração Pública.
A55: _______________________________________
A56: Responsável Técnico: Daniel Teixeira
A57: Engenheiro Civil - CREA MG 88325/D
